| TOP OF THE 1ST |
|
Hickory Crawdads batting - Pitching for Delmarva Shorebirds : RHP Jonathan Spicer
|
|
Pitching: RHP Jonathan Spicer
|
|
|
Batting: LHB Caleb Domino
|
0-0: Foul Ball, location: 2F 0-1: Foul Ball, location: 2F 0-2: Ball 1-2: TRIPLE (Line Drive, 78XD, EV 109.4 MPH)
|
|
Batting: RHB Dave Brabo
|
0-0: Ball 1-0: Ground out 6-3 (Groundball, 56D, EV 100.0 MPH) Caleb Domino scores
|
|
Batting: RHB Dermott Neill
|
0-0: Foul Ball, location: 2F 0-1: Foul Ball, location: 2F 0-2: Foul Ball, location: 2F 0-2: Ball 1-2: Foul Ball, location: 2F 1-2: SOLO HOME RUN (Flyball, 78XD, EV 106.9 MPH), Distance : 403 ft
|
|
Batting: SHB Todd Hewitt
|
0-0: Ball 1-0: Called Strike 1-1: Swinging Strike 1-2: Strikes out swinging
|
|
Batting: RHB Salvador Caldera
|
0-0: Ball 1-0: Foul Ball, location: 2F 1-1: Called Strike 1-2: Ball 2-2: Fly out, F8 (Flyball, 8LM, EV 78.8 MPH)
|
| Top of the 1st over - 2 runs, 2 hits, 0 errors, 0 left on base; Hickory 2 - Delmarva 0 |
| BOTTOM OF THE 1ST |
|
Delmarva Shorebirds batting - Pitching for Hickory Crawdads : LHP Mike Tracy
|
|
Pitching: LHP Mike Tracy
|
|
|
Batting: RHB Josh Hopp
|
0-0: Ball 1-0: Ball 2-0: SINGLE (Line Drive, 9LS, EV 90.6 MPH)
|
|
Batting: RHB Daniel Jackson
|
0-0: Swinging Strike 0-1: Ball 1-1: Foul Ball, location: 2F 1-2: Ball 2-2: Strikes out swinging
|
|
Batting: RHB Ethan Finke
|
0-0: Ball 1-0: Called Strike Josh Hopp steals 2nd base (no throw) 1-1: SINGLE (Groundball, 4MD, EV 110.0 MPH) Josh Hopp to third Runner from 3rd tries for Home, throw by CF and OUT! 8-2
|
|
Batting: RHB Ismael Macedo
|
0-0: Ground out 4-3 (Groundball, 34, EV 81.2 MPH)
|
| Bottom of the 1st over - 0 runs, 2 hits, 0 errors, 1 left on base; Hickory 2 - Delmarva 0 |
| TOP OF THE 2ND |
|
Hickory Crawdads batting - Pitching for Delmarva Shorebirds : RHP Jonathan Spicer
|
|
Batting: SHB Reagan Dudley
|
0-0: Called Strike 0-1: Foul Ball, location: 2F 0-2: Ball 1-2: Strikes out swinging
|
|
Batting: RHB Matthew Starr
|
0-0: Ball 1-0: Foul Ball, location: 2F 1-1: Ball 2-1: Called Strike 2-2: Ball 3-2: Fly out, F9 (Flyball, 9LMF, EV 96.2 MPH)
|
|
Batting: LHB Lee Gerken
|
0-0: Ball 1-0: Called Strike 1-1: Swinging Strike 1-2: Foul Ball, location: 2F 1-2: Ball 2-2: Foul Ball, location: 2F 2-2: Foul Ball, location: 2F 2-2: Ball 3-2: Base on Balls
|
|
Batting: RHB Johannes Gutermuth
|
0-0: Called Strike 0-1: Foul Ball, location: 2F 0-2: Strikes out looking
|
| Top of the 2nd over - 0 runs, 0 hits, 0 errors, 1 left on base; Hickory 2 - Delmarva 0 |
| BOTTOM OF THE 2ND |
|
Delmarva Shorebirds batting - Pitching for Hickory Crawdads : LHP Mike Tracy
|
|
Batting: RHB Luke Vaccarino
|
0-0: Foul Ball, location: 2F 0-1: Ball 1-1: Ball 2-1: Ball 3-1: Called Strike 3-2: Foul Ball, location: 2F 3-2: Foul Ball, location: 2F 3-2: Base on Balls
|
|
Batting: RHB Wes Reynolds
|
0-0: Called Strike 0-1: Ball 1-1: TRIPLE (Groundball, 3L, EV 100.0 MPH) Luke Vaccarino scores
|
|
Batting: RHB Mike Zepeda
|
0-0: Ball 1-0: Ground out 5-3 (Groundball, 5L, EV 87.5 MPH)
|
|
Batting: RHB Tony Godley
|
0-0: Fly out, F9 (Flyball, 89S, EV 91.2 MPH)
|
|
Batting: RHB Matthew Neal
|
0-0: Ball 1-0: Foul Ball, location: 2F 1-1: Foul Ball, location: 2F 1-2: Ball 2-2: Strikes out swinging
|
| Bottom of the 2nd over - 1 run, 1 hit, 0 errors, 1 left on base; Hickory 2 - Delmarva 1 |
| TOP OF THE 3RD |
|
Hickory Crawdads batting - Pitching for Delmarva Shorebirds : RHP Jonathan Spicer
|
|
Batting: LHB Caleb Domino
|
0-0: Called Strike 0-1: Ball 1-1: Foul Ball, location: 2F 1-2: Ball 2-2: Strikes out swinging
|
|
Batting: RHB Dave Brabo
|
0-0: Ground out 6-3 (Groundball, 6, EV 106.9 MPH)
|
|
Batting: RHB Dermott Neill
|
0-0: Ball 1-0: Ground out 2-3 (Groundball, 2R, EV 70.0 MPH)
|
| Top of the 3rd over - 0 runs, 0 hits, 0 errors, 0 left on base; Hickory 2 - Delmarva 1 |
| BOTTOM OF THE 3RD |
|
Delmarva Shorebirds batting - Pitching for Hickory Crawdads : LHP Mike Tracy
|
|
Batting: RHB Josh Hopp
|
0-0: Ball 1-0: Ball 2-0: Called Strike 2-1: SOLO HOME RUN (Line Drive, 78XD, EV 107.5 MPH), Distance : 429 ft
|
|
Batting: RHB Daniel Jackson
|
0-0: Called Strike 0-1: Ball 1-1: Swinging Strike 1-2: Strikes out swinging
|
|
Batting: RHB Ethan Finke
|
0-0: Foul Ball, location: 2F 0-1: Called Strike 0-2: Foul Ball, location: 2F 0-2: Ball 1-2: Ball 2-2: Strikes out swinging
|
|
Batting: RHB Ismael Macedo
|
0-0: Called Strike 0-1: Called Strike 0-2: Ball 1-2: Ball 2-2: Ground out U3 (Groundball, 34S, EV 83.1 MPH)
|
| Bottom of the 3rd over - 1 run, 1 hit, 0 errors, 0 left on base; Hickory 2 - Delmarva 2 |
| TOP OF THE 4TH |
|
Hickory Crawdads batting - Pitching for Delmarva Shorebirds : RHP Jonathan Spicer
|
|
Batting: SHB Todd Hewitt
|
0-0: Ball 1-0: Ground out 3-1 (Groundball, 13, EV 88.8 MPH)
|
|
Batting: RHB Salvador Caldera
|
0-0: Foul Ball, location: 2F 0-1: Ball 1-1: Called Strike 1-2: Foul Ball, location: 2F 1-2: Ball 2-2: Foul Ball, location: 2F 2-2: Ground out 4-3 (Groundball, 13, EV 80.0 MPH)
|
|
Batting: SHB Reagan Dudley
|
0-0: Called Strike 0-1: Fly out, F8 (Flyball, 8RD, EV 88.8 MPH)
|
| Top of the 4th over - 0 runs, 0 hits, 0 errors, 0 left on base; Hickory 2 - Delmarva 2 |
| BOTTOM OF THE 4TH |
|
Delmarva Shorebirds batting - Pitching for Hickory Crawdads : LHP Mike Tracy
|
|
Batting: RHB Luke Vaccarino
|
0-0: Ground out 5-3 (Groundball, 56, EV 108.1 MPH)
|
|
Batting: RHB Wes Reynolds
|
0-0: Ball 1-0: Swinging Strike 1-1: Ball 2-1: Swinging Strike 2-2: Strikes out swinging
|
|
Batting: RHB Mike Zepeda
|
0-0: Called Strike 0-1: SOLO HOME RUN (Flyball, 7LD, EV 97.5 MPH), Distance : 369 ft
|
|
Batting: RHB Tony Godley
|
0-0: Ground out 6-3 (Groundball, 6, EV 90.0 MPH)
|
| Bottom of the 4th over - 1 run, 1 hit, 0 errors, 0 left on base; Hickory 2 - Delmarva 3 |
| TOP OF THE 5TH |
|
Hickory Crawdads batting - Pitching for Delmarva Shorebirds : RHP Jonathan Spicer
|
|
Batting: RHB Matthew Starr
|
0-0: Ball 1-0: Called Strike 1-1: Ball 2-1: Ball 3-1: Fly out, F9 (Flyball, 89S, EV 89.4 MPH)
|
|
Batting: LHB Lee Gerken
|
0-0: Called Strike 0-1: Ball 1-1: Called Strike 1-2: Ball 2-2: Strikes out swinging
|
|
Batting: RHB Johannes Gutermuth
|
0-0: Called Strike 0-1: Ball 1-1: Swinging Strike 1-2: Ball 2-2: Strikes out swinging
|
| Top of the 5th over - 0 runs, 0 hits, 0 errors, 0 left on base; Hickory 2 - Delmarva 3 |
| BOTTOM OF THE 5TH |
|
Delmarva Shorebirds batting - Pitching for Hickory Crawdads : LHP Mike Tracy
|
|
Batting: RHB Matthew Neal
|
0-0: Ball 1-0: Fly out, F5 (Line Drive, 5L, EV 70.0 MPH)
|
|
Batting: RHB Josh Hopp
|
0-0: Foul Ball, location: 2F 0-1: Swinging Strike 0-2: Ball 1-2: Strikes out swinging
|
|
Batting: RHB Daniel Jackson
|
0-0: Called Strike 0-1: Fly out, F9 (Line Drive, 9, EV 88.1 MPH)
|
| Bottom of the 5th over - 0 runs, 0 hits, 0 errors, 0 left on base; Hickory 2 - Delmarva 3 |
| TOP OF THE 6TH |
|
Hickory Crawdads batting - Pitching for Delmarva Shorebirds : RHP Jonathan Spicer
|
|
Batting: LHB Caleb Domino
|
0-0: DOUBLE (Line Drive, 3D, EV 105.6 MPH)
|
|
Batting: RHB Dave Brabo
|
0-0: Called Strike 0-1: Ball 1-1: Swinging Strike 1-2: Strikes out swinging
|
|
Pitching: RHP Manny Saldana
|
|
|
Batting: LHB Tim Olsen
|
0-0: Ball 1-0: Ball Caleb Domino steals 3rd base 2-0: Ball 3-0: Base on Balls
|
|
Batting: SHB Todd Hewitt
|
0-0: Ground out 5-3 (Groundball, 56S, EV 85.6 MPH) Tim Olsen to second
|
|
Batting: RHB Salvador Caldera
|
0-0: Ball 1-0: Swinging Strike 1-1: SINGLE (Groundball, 56D, EV 95.0 MPH) Caleb Domino scores Tim Olsen to third Runner from 3rd tries for Home, SAFE, throw by LF to home
|
|
Batting: SHB Reagan Dudley
|
0-0: Called Strike 0-1: Called Strike Salvador Caldera steals 2nd base 0-2: Fly out, F8 (Line Drive, 89M, EV 85.0 MPH)
|
| Top of the 6th over - 2 runs, 2 hits, 0 errors, 1 left on base; Hickory 4 - Delmarva 3 |
| BOTTOM OF THE 6TH |
|
Delmarva Shorebirds batting - Pitching for Hickory Crawdads : LHP Mike Tracy
|
|
Batting: RHB Ethan Finke
|
0-0: Foul Ball, location: 2F 0-1: Ground out 5-3 (Groundball, 56, EV 88.8 MPH)
|
|
Batting: RHB Ismael Macedo
|
0-0: Ball 1-0: SINGLE (Groundball, 34D, EV 102.5 MPH)
|
|
Batting: RHB Luke Vaccarino
|
0-0: Ball 1-0: Ball 2-0: Foul Ball, location: 2F 2-1: Foul Ball, location: 2F 2-2: Fly out, F3 (Popup, 34, EV 73.8 MPH)
|
|
Batting: RHB Wes Reynolds
|
0-0: Ball 1-0: Called Strike 1-1: Ball 2-1: Foul Ball, location: 2F 2-2: Fly out, F8 (Flyball, 78M, EV 86.2 MPH)
|
| Bottom of the 6th over - 0 runs, 1 hit, 0 errors, 1 left on base; Hickory 4 - Delmarva 3 |
| TOP OF THE 7TH |
|
Hickory Crawdads batting - Pitching for Delmarva Shorebirds : RHP Manny Saldana
|
|
Pitching: RHP Jose Santos
|
|
|
Batting: RHB Matthew Starr
|
0-0: Swinging Strike 0-1: Called Strike 0-2: Ball 1-2: Ball 2-2: Strikes out swinging
|
|
Batting: LHB Lee Gerken
|
0-0: Called Strike 0-1: Called Strike 0-2: Foul Ball, location: 2F 0-2: Ground out 1-3 (Groundball, P, EV 64.4 MPH)
|
|
Batting: RHB Johannes Gutermuth
|
0-0: Foul Ball, location: 2F 0-1: Foul Ball, location: 2F 0-2: Strikes out swinging
|
| Top of the 7th over - 0 runs, 0 hits, 0 errors, 0 left on base; Hickory 4 - Delmarva 3 |
| BOTTOM OF THE 7TH |
|
Delmarva Shorebirds batting - Pitching for Hickory Crawdads : LHP Mike Tracy
|
|
Now at 2B: Zach Thomason
|
|
|
Batting: RHB Mike Zepeda
|
0-0: Ball 1-0: Ball 2-0: Called Strike 2-1: Foul Ball, location: 2F 2-2: Strikes out swinging
|
|
Batting: RHB Tony Godley
|
0-0: Ground out 1-3 (Groundball, P, EV 68.8 MPH)
|
|
Batting: RHB Matthew Neal
|
0-0: Ball 1-0: Foul Ball, location: 2F 1-1: Ball 2-1: Ball 3-1: Foul Ball, location: 2F 3-2: Foul Ball, location: 2F 3-2: Foul Ball, location: 2F 3-2: Base on Balls
|
|
Batting: RHB Josh Hopp
|
0-0: Ball 1-0: Called Strike 1-1: Called Strike 1-2: Ball 2-2: Ground out 4-3 (Groundball, 34, EV 103.1 MPH)
|
| Bottom of the 7th over - 0 runs, 0 hits, 0 errors, 1 left on base; Hickory 4 - Delmarva 3 |
| TOP OF THE 8TH |
|
Hickory Crawdads batting - Pitching for Delmarva Shorebirds : RHP Jose Santos
|
|
Pitching: LHP Martin Cotado
|
|
|
Pinch Hitting: RHB Aaron Moore
|
0-0: Called Strike 0-1: Ball 1-1: Ball 2-1: Ball 3-1: Called Strike 3-2: SOLO HOME RUN (Flyball, 78XD, EV 105.0 MPH), Distance : 404 ft
|
|
Pitching: RHP Fabiano Ceriani
|
|
|
Batting: RHB Dave Brabo
|
0-0: Ball 1-0: SOLO HOME RUN (Flyball, 89XD, EV 99.4 MPH), Distance : 395 ft
|
|
Batting: LHB Tim Olsen
|
0-0: Ground out 4-3 (Groundball, 34, EV 83.8 MPH)
|
|
Batting: SHB Todd Hewitt
|
0-0: Called Strike 0-1: Swinging Strike 0-2: SINGLE (Groundball, 34D, EV 99.4 MPH)
|
|
Batting: RHB Salvador Caldera
|
0-0: SINGLE (Groundball, 6MD, EV 95.0 MPH) Todd Hewitt to second
|
|
Batting: RHB Zach Thomason
|
0-0: Ball 1-0: Swinging Strike 1-1: Called Strike 1-2: SINGLE (Groundball, 56D, EV 98.8 MPH) Todd Hewitt to third Salvador Caldera to second Runner from 3rd tries for Home, throw by LF and OUT! 7-2
|
|
Batting: RHB Matthew Starr
|
0-0: Foul Ball, location: 2F 0-1: Called Strike 0-2: Ball 1-2: Foul Ball, location: 2F 1-2: Foul Ball, location: 2F 1-2: Fielders Choice at 2nd, 5-4 (Groundball, 5, EV 83.1 MPH)
|
| Top of the 8th over - 2 runs, 5 hits, 0 errors, 2 left on base; Hickory 6 - Delmarva 3 |
| BOTTOM OF THE 8TH |
|
Delmarva Shorebirds batting - Pitching for Hickory Crawdads : LHP Mike Tracy
|
|
Now in LF: Quido van Erp
|
|
|
Batting: RHB Daniel Jackson
|
0-0: Ball 1-0: Ball 2-0: Swinging Strike 2-1: Reached on error, E6 (Groundball, 6MD, EV 86.9 MPH)
|
|
Pitching: RHP Johnny Munoz
|
|
|
Batting: RHB Ethan Finke
|
0-0: Ball 1-0: Swinging Strike 1-1: Ball 2-1: Grounds into double play, 6-4-3 (Groundball, 56, EV 79.4 MPH)
|
|
Pinch Hitting: LHB Keith Long
|
0-0: Ball 1-0: Ball 2-0: Fly out, F9 (Flyball, 89D, EV 99.4 MPH)
|
| Bottom of the 8th over - 0 runs, 0 hits, 1 error, 0 left on base; Hickory 6 - Delmarva 3 |
| TOP OF THE 9TH |
|
Hickory Crawdads batting - Pitching for Delmarva Shorebirds : RHP Fabiano Ceriani
|
|
Now at 1B: Keith Long
|
|
|
Now at 2B: Mike Zepeda
|
|
|
Batting: LHB Lee Gerken
|
0-0: Fly out, F8 (Flyball, 8LS, EV 91.2 MPH)
|
|
Batting: RHB Johannes Gutermuth
|
0-0: Called Strike 0-1: Ball 1-1: Swinging Strike 1-2: Strikes out swinging
|
|
Batting: SHB Quido van Erp
|
0-0: Called Strike 0-1: Ball 1-1: DOUBLE (Flyball, 89XD, EV 106.2 MPH)
|
|
Batting: RHB Dave Brabo
|
0-0: Called Strike 0-1: Foul Ball, location: 2F 0-2: Ball 1-2: Foul Ball, location: 2F 1-2: Ground out 6-3 (Groundball, 6, EV 92.5 MPH)
|
| Top of the 9th over - 0 runs, 1 hit, 0 errors, 1 left on base; Hickory 6 - Delmarva 3 |
| BOTTOM OF THE 9TH |
|
Delmarva Shorebirds batting - Pitching for Hickory Crawdads : RHP Johnny Munoz
|
|
Batting: RHB Luke Vaccarino
|
0-0: Swinging Strike 0-1: Ball 1-1: Ball 2-1: Foul Ball, location: 2F 2-2: Strikes out swinging
|
|
Batting: RHB Wes Reynolds
|
0-0: Ball 1-0: Called Strike 1-1: Called Strike 1-2: Ball 2-2: Ball 3-2: Strikes out swinging
|
|
Batting: RHB Mike Zepeda
|
0-0: SINGLE (Groundball, 34D, EV 108.8 MPH)
|
|
Batting: RHB Tony Godley
|
0-0: Foul Ball, location: 2F 0-1: Ball 1-1: Ball 2-1: Swinging Strike 2-2: Foul Ball, location: 2F 2-2: Strikes out swinging
|
| Bottom of the 9th over - 0 runs, 1 hit, 0 errors, 1 left on base; Hickory 6 - Delmarva 3 |
|